 Dungeon Sprint DCSS version 0.21.1-1-g345015f (webtiles) character file.

18812 Fang the Executioner (level 12, -3/130 HPs)
             Began as a Minotaur Berserker on May 31, 2018.
             Was the Champion of Trog.
             Slain by a death knight
             ... wielding a +0 glaive
              (27 damage)
             ... in the Dungeon (Sprint IX: "|||||||||||||||||||||||||||||").
             The game lasted 00:11:19 (3223 turns).

Fang the Executioner (Minotaur Berserker)           Turns: 3223, Time: 00:11:20

Health: -3/130     AC: 19    Str: 22    XL:     12   Next: 31%
Magic:  11/11      EV: 20    Int: 11    God:    Trog [******]
Gold:   1838       SH:  0    Dex: 14    Spells: 11/11 levels left

rFire    . . .     SeeInvis .   u - +9 war axe "Huejocw" {freeze, *Rage Int+6}
rCold    + . .     Gourm    .   (no shield)
rNeg     . . .     Faith    .   G - +1 scale mail of Catatonia {MR++ rCorr Str-4 Int+3}
rPois    .         Spirit   .   x - +1 hat
rElec    .         Reflect  .   (no cloak)
rCorr    +         Harm     .   (no gloves)
MR       +++..     Rnd*Rage +   H - +1 pair of boots Stlth +.........NoTele +
                                (no amulet)
HPRegen  0.31/turn              o - +2 ring of evasion
MPRegen  0.12/turn              p - +3 ring of dexterity

@: lethally poisoned (-3 -> -22)
A: retaliatory headbutt, horns 2, icy blue scales 1, slimy green scales 1,
yellow scales 1, cold resistance 1, dopey 1, magic resistance 1
a: Berserk, Trog's Hand, Brothers in Arms, Burn Spellbooks, Renounce Religion


You were in the Dungeon.
You worshipped Trog.
Trog was exalted by your worship.
You were not hungry.

You visited 1 branch You collected 1926 gold pieces.
You spent 88 gold pieces at shops.

Inventory:

Hand Weapons
 a - the +0 executioner's axe "Felulis" {distort, Str+5}
   (Trog gifted it to you in the Dungeon)

   It warps and distorts space around it.
   Unwielding it can cause banishment or high damage.
   It affects your strength (+5).
 b - a +3 antimagic war axe
 n - the +1 broad axe "Murmur" {chop, *Slow rC+++ Int+7}
   (You found it in the Dungeon)

   It inflicts extra damage upon your enemies.
   It affects your intelligence (+7).
   It renders you almost immune to cold.
   It may slow you when you take damage.
 t - a +4 broad axe of freezing
 u - the +9 war axe "Huejocw" (weapon) {freeze, *Rage Int+6}
   (Trog gifted it to you in the Dungeon)

   It has been specially enchanted to freeze those struck by it, causing extra
   injury to most foes and up to half again as much damage against particularly
   susceptible opponents.
   It can also slow down cold-blooded creatures.
   It affects your intelligence (+6).
   It may make you go berserk in combat.
 v - a +1 battleaxe of flaming
 y - the +9 executioner's axe "Arontefuom" {venom, rF+ rC+ MR+}
   (Trog gifted it to you in the Dungeon)

   It poisons the flesh of those it strikes.
   It protects you from fire.
   It protects you from cold.
   It affects your resistance to hostile enchantments.
Missiles
 q - 8 javelins of returning (quivered)
Armour
 x - a +1 hat (worn)
 z - a +0 ring mail of fire resistance
 G - the +1 scale mail of Catatonia (worn) {MR++ rCorr Str-4 Int+3}
   (You found it in the Dungeon)

   It affects your strength (-4).
   It affects your intelligence (+3).
   It affects your resistance to hostile enchantments.
   It protects you from acid and corrosion.
 H - a +1 pair of boots (worn)
Jewellery
 o - a +2 ring of evasion (left hand)
 p - a +3 ring of dexterity (right hand)
 C - an uncursed ring of ice
 D - an uncursed ring of ice
 E - an uncursed ring of protection from fire
 F - an uncursed ring of fire
Wands
 m - a wand of acid (10)
Scrolls
 i - 4 scrolls of blinking
 l - 7 scrolls of remove curse
 s - 2 scrolls of enchant armour
 I - a scroll of identify
Potions
 d - 2 potions of curing
 e - 2 potions of heal wounds
 f - 2 potions of haste
 g - 4 potions of magic
 h - a potion of berserk rage
 j - a potion of brilliance
 k - a potion of invisibility
 r - 2 potions of might
 w - a potion of flight
Comestibles
 c - 11 rations
 B - a chunk of flesh


   Skills:
 + Level 19.3 Fighting
 + Level 23.4 Axes
 + Level 11.4 Armour
 + Level 13.4 Dodging
 + Level 4.2 Stealth


You had 11 spell levels left.
You didn't know any spells.

Dungeon Overview and Level Annotations

Branches:
Dungeon (1/1)

Altars:
Cheibriados
Dithmenos
Elyvilon
Fedhas
Gozag
Hepliaklqana
Kikubaaqudgha
Makhleb
Nemelex Xobeh
Okawaru
Qazlal
Ru
Sif Muna
Trog
Uskayaw
Vehumet
Wu Jian
Xom
Yredelemnul
Zin
The Shining One
Beogh
Jiyva
Lugonu

Shops:
D !!}=


Innate Abilities, Weirdness & Mutations

You reflexively headbutt those who attack you in melee.
You have a pair of horns on your head.
You are partially covered in icy blue scales. (AC +2)
You are partially covered in slimy green scales. (AC +2)
You are partially covered in yellow scales. (AC +2)
Your flesh is cold resistant. (rC+)
You are dopey. (Int -2)
You are resistant to hostile enchantments. (MR+)


Message History

The white very ugly thing closely misses you.
You hit the white very ugly thing. You headbutt the white very ugly thing.
The white very ugly thing is almost dead.
You feel sick.
You slash the white very ugly thing!
You kill the white very ugly thing!
The white very ugly thing's corpse shimmers and vanishes!
You feel sick.
The death knight offers itself to Yredelemnul, and fills with unholy energy.
You hit the purple very ugly thing. You freeze the purple very ugly thing.
The purple very ugly thing is lightly wounded.
You feel sick.
The purple very ugly thing engulfs you!!
* * * LOW HITPOINT WARNING * * *
Unknown command.
You hit the purple very ugly thing. You freeze the purple very ugly thing.
The purple very ugly thing is lightly wounded.
You feel sick.
The death knight hits you from afar with a glaive!!
You die...

▓.▓.▓.▓.▓.▓.▓_▓
▓.▓.▓.▓.▓.▓.▓_▓
▓.▓.▓.▓.▓.▓.▓_▓
▓.▓.▓'▓.▓.▓.▓_▓
▓.▓.▓)▓.▓'▓.▓'▓
▓)▓.▓)▓.▓.▓.▓.▓
▓.▓.▓)▓.▓.▓.▓?▓
▓.▓.▓)▓.▓.▓.▓|▓
▓@▓.▓)▓.▓†▓.▓)▓
▓u▓.▓∩▓.▓.▓.▓[▓
▓p▓.▓.▓.▓.▓.▓[▓
▓u▓.▓∩▓.▓.▓.▓[▓
▓R▓.▓.▓.▓.▓.▓.▓
▓.▓.▓∩▓.▓.▓.▓(▓
▓C▓.▓.▓.▓.▓.▓)▓
▓Q▓.▓∩▓.▓(▓.▓)▓
▓.▓.▓.▓.▓.▓.▓


You could see a frost giant, a purple very ugly thing, a death knight, a cyan
ugly thing, a rakshasa and a tengu warrior.

Vanquished Creatures
  Gastronok (D)
  A very ugly thing (D)
  Harold (D)
  A hydra (D)
  2 ogre magi (D)
  5 two-headed ogres (D)
  Erica (D)
  A death yak (D)
  Urug (D)
  An orc high priest (D)
  An orc knight (D)
  An orc sorcerer (D)
  A cyclops (D)
  2 black mambas (D)
  3 spiny frogs (D)
  A kobold demonologist (D)
  A rime drake (D)
  A hippogriff (D)
  A shadow (D)
  2 yaks (D)
  A hungry ghost (D)
  2 wargs (D)
  2 water moccasins (D)
  2 hell hounds (D)
  2 porcupines (D)
  An ice beast (D)
  7 orc warriors (D)
  An eye of draining (D)
  7 ogres (D)
  A centaur (D)
  4 wolves (D)
  2 crocodiles (D)
  2 bullfrogs (D)
  A hound (D)
  A quasit (D)
  A jelly (D)
  6 orc priests (D)
  2 orc wizards (D)
  An adder (D)
  A shadow imp (D)
  An adder skeleton (D)
  A leopard gecko (D)
  6 orcs (D)
  2 goblins (D)
  A hobgoblin (D)
  A quokka (D)
  A ball python zombie (D)
  A quokka simulacrum (D)
  2 rats (D)
92 creatures vanquished.

Vanquished Creatures (others)
  2 two-headed ogres (D)
2 creatures vanquished.

Grand Total: 94 creatures vanquished

Notes
Turn   | Place    | Note
-------+----------+-------------------------------------------
     0 | D        | Fang the Minotaur Berserker began the quest for the Orb.
     0 | D        | Reached XP level 1. HP: 19/19 MP: 0/0
     8 | D        | Reached skill level 4 in Axes
    10 | D        | Reached ** piety under Trog
    23 | D        | Noticed a jelly
    28 | D        | Reached *** piety under Trog
    28 | D        | Reached skill level 5 in Fighting
    28 | D        | Reached skill level 5 in Axes
    28 | D        | Reached XP level 2. HP: 29/29 MP: 1/1
    35 | D        | Reached skill level 6 in Axes
    35 | D        | Reached XP level 3. HP: 38/38 MP: 2/2
    95 | D        | Found a roughly hewn altar of Beogh.
    95 | D        | Found a snail-covered altar of Cheibriados.
    95 | D        | Found a shadowy altar of Dithmenos.
    95 | D        | Found a white marble altar of Elyvilon.
    95 | D        | Found a blossoming altar of Fedhas.
    95 | D        | Found an opulent altar of Gozag.
    96 | D        | Found a hazy altar of Hepliaklqana.
    97 | D        | Found a viscous altar of Jiyva.
    98 | D        | Found an ancient bone altar of Kikubaaqudgha.
    99 | D        | Found a corrupted altar of Lugonu.
   100 | D        | Found a burning altar of Makhleb.
   101 | D        | Found a sparkling altar of Nemelex Xobeh.
   102 | D        | Found an iron altar of Okawaru.
   103 | D        | Found a stormy altar of Qazlal.
   104 | D        | Found a sacrificial altar of Ru.
   105 | D        | Found a deep blue altar of Sif Muna.
   106 | D        | Found a bloodstained altar of Trog.
   107 | D        | Found a hide-covered altar of Uskayaw.
   108 | D        | Found a radiant altar of Vehumet.
   109 | D        | Found an ornate altar of the Wu Jian Council.
   110 | D        | Found a shimmering altar of Xom.
   111 | D        | Found a basalt altar of Yredelemnul.
   112 | D        | Found a glowing silver altar of Zin.
   113 | D        | Found a glowing golden altar of the Shining One.
   134 | D        | Got the +1 broad axe "Murmur" {chop, *Slow rC+++ Int+7}
   145 | D        | Noticed an ogre
   145 | D        | Noticed a centaur
   145 | D        | Noticed an ice beast
   147 | D        | Killed an ogre
   147 | D        | Reached **** piety under Trog
   147 | D        | Reached skill level 8 in Axes
   147 | D        | Reached XP level 4. HP: 48/48 MP: 3/3
   147 | D        | Reached XP level 5. HP: 53/53 MP: 4/4
   149 | D        | Killed a centaur
   149 | D        | Reached skill level 10 in Axes
   149 | D        | Reached skill level 5 in Dodging
   155 | D        | Killed an ice beast
   155 | D        | Reached skill level 5 in Armour
   155 | D        | Reached XP level 6. HP: 66/66 MP: 5/5
   156 | D        | Reached ***** piety under Trog
   156 | D        | Reached skill level 11 in Axes
   158 | D        | Reached skill level 10 in Fighting
   188 | D        | Noticed a cyclops
   188 | D        | Noticed a two-headed ogre
   188 | D        | Noticed a hungry ghost
   193 | D        | Killed a cyclops
   193 | D        | Reached skill level 13 in Axes
   193 | D        | Reached XP level 7. HP: 47/74 MP: 0/6
   198 | D        | Killed a two-headed ogre
   198 | D        | Reached skill level 14 in Axes
   198 | D        | Reached XP level 8. HP: 45/86 MP: 0/7
   199 | D        | Received a gift from Trog
   199 | D        | Reached skill level 15 in Axes
   512 | D        | Gained mutation: You are partially covered in yellow scales. (AC +2) [potion of mutation]
   512 | D        | Gained mutation: You have a pair of large horns on your head. [potion of mutation]
   521 | D        | Lost mutation: You have a pair of large horns on your head. [potion of mutation]
   521 | D        | Gained mutation: You are resistant to hostile enchantments. (MR+) [potion of mutation]
   521 | D        | Gained mutation: You are partially covered in slimy green scales. (AC +2) [potion of mutation]
   547 | D        | Noticed a spiny frog
   547 | D        | Noticed a black mamba
   549 | D        | Killed a spiny frog
   550 | D        | Reached skill level 1 in Stealth
   550 | D        | Reached XP level 9. HP: 94/94 MP: 2/8
   552 | D        | Noticed a spiny frog
   552 | D        | Received a gift from Trog
   552 | D        | Reached skill level 16 in Axes
   555 | D        | Killed a black mamba
   555 | D        | Reached ****** piety under Trog
   567 | D        | Killed a spiny frog
   567 | D        | Reached skill level 17 in Axes
   746 | D        | Noticed a spiny frog
   746 | D        | Noticed a black mamba
   746 | D        | Noticed a rime drake
   747 | D        | Noticed an eight-headed hydra
   752 | D        | Killed a spiny frog
   752 | D        | Reached skill level 15 in Fighting
   753 | D        | Noticed a death yak
   756 | D        | Killed a black mamba
   756 | D        | Received a gift from Trog
   756 | D        | Reached skill level 18 in Axes
   756 | D        | Reached XP level 10. HP: 105/105 MP: 9/9
   760 | D        | Killed a 12-headed hydra
   760 | D        | Reached skill level 10 in Dodging
   775 | D        | Killed a death yak
   775 | D        | Reached skill level 19 in Axes
  1029 | D        | Received a gift from Trog
  1054 | D        | Got a dazzling war axe {god gift}
  1062 | D        | Identified the +9 war axe "Huejocw" {freeze, *Rage Int+6} (Trog gifted it to you in the Dungeon)
  1336 | D        | Noticed Urug
  1346 | D        | Killed Urug
  1346 | D        | Reached skill level 20 in Axes
  1347 | D        | Noticed Gastronok
  1358 | D        | Killed Gastronok
  1358 | D        | Received a gift from Trog
  1358 | D        | Reached XP level 11. HP: 46/117 MP: 10/10
  1513 | D        | Got a scorched executioner's axe {god gift}
  1514 | D        | Identified the +9 executioner's axe "Arontefuom" {venom, rF+ rC+ MR+} (Trog gifted it to you in the Dungeon)
  1715 | D        | Received a gift from Trog
  1717 | D        | Received a gift from Trog
  1751 | D        | Got a transparent executioner's axe {god gift}
  1763 | D        | Identified the +0 executioner's axe "Felulis" {distort, Str+5} (Trog gifted it to you in the Dungeon)
  2005 | D        | Noticed an orc knight
  2005 | D        | Noticed an orc high priest
  2015 | D        | Killed an orc knight
  2020 | D        | Killed an orc high priest
  2020 | D        | Received a gift from Trog
  2020 | D        | Reached skill level 21 in Axes
  2025 | D        | Noticed an orc sorcerer
  2041 | D        | Killed an orc sorcerer
  2081 | D        | Gained mutation: You are dopey. (Int -2) [mutagenic glow]
  2153 | D        | Found Alory's Distillery.
  2153 | D        | Noticed a two-headed ogre
  2153 | D        | Noticed an ogre mage
  2154 | D        | Noticed an ogre mage
  2156 | D        | Killed a two-headed ogre
  2156 | D        | Received a gift from Trog
  2157 | D        | Found Bic Ceac's Distillery.
  2159 | D        | Noticed a two-headed ogre
  2160 | D        | Killed an ogre mage
  2160 | D        | Received a gift from Trog
  2164 | D        | Found Cupari's Gadget Emporium.
  2166 | D        | Killed an ogre mage
  2169 | D        | Reached skill level 22 in Axes
  2170 | D        | Found Mamneure's Jewellery Shoppe.
  2173 | D        | Killed a two-headed ogre
  2173 | D        | Received a gift from Trog
  2174 | D        | Noticed an ogre mage
  2175 | D        | Noticed a two-headed ogre
  2176 | D        | Noticed a two-headed ogre
  2177 | D        | Noticed a two-headed ogre
  2181 | D        | Banished a two-headed ogre
  2184 | D        | Killed a two-headed ogre
  2184 | D        | Reached skill level 10 in Armour
  2185 | D        | Banished a two-headed ogre
  2242 | D        | Gained mutation: You are frail. (-10% HP) [mutagenic glow]
  2300 | D        | Gained mutation: You expend magic power (3 MP) to strengthen your wands. [mutagenic glow]
  2342 | D        | Lost intelligence.
  2342 | D        | Gained mutation: You are very dopey. (Int -4) [mutagenic glow]
  2630 | D        | Bought a potion of mutation for 88 gold pieces
  2634 | D        | Lost mutation: You are very dopey. (Int -4) [potion of mutation]
  2634 | D        | Lost mutation: You expend magic power (3 MP) to strengthen your wands. [potion of mutation]
  2634 | D        | Lost mutation: You are frail. (-10% HP) [potion of mutation]
  2634 | D        | Gained mutation: You are partially covered in icy blue scales. (AC +2) [potion of mutation]
  2634 | D        | Gained mutation: Your flesh is cold resistant. (rC+) [potion of mutation]
  2809 | D        | Noticed Erica
  2816 | D        | Killed Erica
  2816 | D        | Reached XP level 12. HP: 86/129 MP: 11/11
  2986 | D        | Noticed Harold
  2994 | D        | Killed Harold
  3088 | D        | Got the +1 scale mail of Catatonia {MR++ rCorr Str-4 Int+3}
  3166 | D        | Noticed a two-headed ogre
  3170 | D        | Killed a two-headed ogre
  3170 | D        | Reached skill level 23 in Axes
  3171 | D        | Noticed a death knight
  3173 | D        | Received a gift from Trog
  3179 | D        | Noticed a rakshasa
  3183 | D        | Noticed a brown very ugly thing
  3189 | D        | Noticed a green very ugly thing
  3191 | D        | Noticed a green very ugly thing
  3195 | D        | Noticed a tengu warrior
  3198 | D        | Noticed a frost giant
  3199 | D        | Killed a brown very ugly thing
  3199 | D        | Received a gift from Trog
  3223 | D        | Slain by a death knight

Skill      XL: |  1  2  3  4  5  6  7  8  9 10 11 12 |
---------------+-------------------------------------+-----
Fighting       | 5 6 8 9 11 13 15 17 18 19 | 19.3
Axes           | 5 6 8 10 13 14 15 18 20 22 23 | 23.4
Armour         | 3 4 5 6 7 8 10 11 | 11.4
Dodging        | 3 4 5 6 7 8 9 11 13 | 13.4
Stealth        | 1 2 3 4 |  4.2

Action                   |  1- 3 |  4- 6 |  7- 9 | 10-12 || total
-------------------------+-------+-------+-------+-------++-------
Melee: Hand axe          |    16 |       |       |       ||    16
       Headbutt          |     4 |     3 |     8 |    47 ||    62
       Broad axe         |     1 |    11 |    16 |    45 ||    73
       Battleaxe         |       |       |    20 |       ||    20
       War axe           |       |       |       |    62 ||    62
       Executioner's axe |       |       |       |    65 ||    65
Invok: Berserk           |     2 |     1 |     2 |     4 ||     9
       Burn Spellbooks   |       |       |     1 |       ||     1
  Use: Potion            |       |       |     2 |    13 ||    15
       Scroll            |       |       |       |     1 ||     1
  Eat: Chunk             |       |       |     3 |    10 ||    13
       Ration            |       |       |       |     1 ||     1
Armor: Animal skin       |     4 |     1 |     2 |     6 ||    13
       Ring mail         |       |       |       |     5 ||     5
       Scale mail        |       |       |       |    10 ||    10
Dodge: Dodged            |     9 |     4 |    12 |   111 ||   136
